 Dungeon Crawl Stone Soup version 0.31.0-32-g396128a36d (webtiles) character file.

Game seed: 3868524178429165099

10931 denf the Blocker (level 11, -1/102 HPs)
             Began as a Minotaur Fighter on Apr 23, 2024.
             Was a High Priest of Okawaru.
             Slain by a two-headed ogre
             ... wielding a +0 giant club
              (10 damage)
             ... on level 1 of the Orcish Mines.
             The game lasted 00:26:20 (7085 turns).

denf the Blocker (Minotaur Fighter)                 Turns: 7085, Time: 00:26:20

Health: -1/102     AC: 21    Str: 22    XL:     11   Next: 42%
Magic:  10/10      EV: 12    Int:  5    God:    Okawaru [*****.]
Gold:   573        SH: 13    Dex: 19    Spells: 10/10 levels left

rFire   . . .        G - +5 war axe (freeze)
rCold   . . .        c - +0 buckler
rNeg    + . .        b - +2 plate armour {rN+}
rPois   .            (helmet restricted)
rElec   .            l - +1 cloak {rCorr}
rCorr   +            (no gloves)
SInv    .            y - +0 pair of boots
Will    .....        u - amulet of reflection Stlth
                     h - +5 ring of evasion
HPRegen 0.37/turn    E - +6 ring of dexterity
MPRegen 0.12/turn

%: reflection
@: no status effects
A: horns 2, retaliatory headbutt
a: Renounce Religion, Heroism, Finesse, Duel


You were on level 1 of the Orcish Mines.
You worshipped Okawaru.
Okawaru was extremely pleased with you.
You visited 4 branches of the dungeon, and saw 13 of its levels.

You collected 738 gold pieces.
You spent 165 gold pieces at shops.

Inventory:

Hand Weapons
 a - a +6 war axe
 G - a +5 war axe of freezing (weapon)
 L - a +0 battleaxe
Missiles
 n - 2 throwing nets (quivered)
 o - 8 poisoned darts
 C - 8 curare-tipped darts
Armour
 b - a +2 plate armour of positive energy (worn)
 c - a +0 buckler (worn)
 l - a +1 cloak of preservation (worn)
 y - a +0 pair of boots (worn)
 A - the +1 ring mail "Coama" {rElec}
   (You found it on level 7 of the Dungeon)

   rElec:     It insulates you from electricity.
 B - +0 steam dragon scales
 D - a +4 ring mail of fire resistance
 M - a +2 plate armour of positive energy
Jewellery
 h - a +5 ring of evasion (left hand)
 u - an amulet of reflection (around neck)
 z - an amulet of regeneration
 E - a +6 ring of dexterity (right hand)
 J - an amulet of magic regeneration
Wands
 v - a wand of roots (11)
 w - a wand of light (7)
 x - a wand of flame (26)
Scrolls
 p - 2 scrolls of teleportation
 r - 3 scrolls of revelation
 s - 3 scrolls of fear
 H - 3 scrolls of identify
 K - a scroll of torment {unknown}
Potions
 d - a potion of might
 e - a potion of heal wounds {unknown}
 f - 3 potions of haste
 g - 3 potions of curing
 i - a potion of mutation {unknown}
 j - 2 potions of invisibility
 k - 2 potions of enlightenment {unknown}
 m - a potion of magic {unknown}
 q - 2 potions of attraction {unknown}
 t - 2 potions of berserk rage {unknown}
 F - a potion of brilliance {unknown}
Miscellaneous
 I - a condenser vane


   Skills:
 + Level 11.5 Fighting
 + Level 11.2 Axes
 + Level 11.5 Armour
 + Level 11.5 Shields


You had 10 spell levels left.
You didn't know any spells.
Your spell library contained the following spells:

 Spells                   Type           Power      Damage    Failure   Level
 Ensorcelled Hibernation  Hex/Ice        0%         N/A       100%        2
 Static Discharge         Conj/Air       0%         3-3/arc   100%        2
 Passwall                 Erth           0%         N/A       100%        3
 Swiftness                Air            0%         N/A       100%        3
 Airstrike                Air            0%         2d(0-16)  100%        4
 Orb of Destruction       Conj           0%         9d5       100%        7
 Summon Blazeheart Golem  Fire/Summ      Unusable   N/A       N/A         4
 Summon Lightning Spire   Summ/Air       Unusable   N/A       N/A         4
 Spellforged Servitor     Conj/Summ      Unusable   N/A       N/A         7

Dungeon Overview and Level Annotations

Branches:
Dungeon (9/15)             Temple (1/1) D:4            Lair (1/5) D:8
    Orc (2/2) D:9             Elf (0/3) Orc:2

Altars:
Ashenzari
Cheibriados
Dithmenos
Elyvilon
Fedhas
Gozag
Hepliaklqana
Kikubaaqudgha
Makhleb
Nemelex Xobeh
Okawaru
Ru
Sif Muna
Trog
Uskayaw
Vehumet
Wu Jian
Xom
Yredelemnul
Zin
The Shining One

Shops:
D:2 (   D:3 ?   D:4 [


Innate Abilities, Weirdness & Mutations

You have a pair of horns on your head.
You reflexively headbutt those who attack you in melee.


Message History

You block the troll's attack. The ogre misses you. You furiously retaliate!
You headbutt the ogre. The troll bites you!
The troll claws you but does no damage. You block the troll's attack.
A troll comes into view.
The ogre closely misses you.
The two-headed ogre hits you with a +0 giant spiked club.
The two-headed ogre hits you with a +0 giant club!
The orc moves out of view.
There is a stone staircase leading up, spattered with blood here.
The two-headed ogre hits you with a +0 giant club!
The two-headed ogre hits you with a +0 giant club!!
* * * LOW HITPOINT WARNING * * *
You block the troll's attack. x2; The troll claws you but does no damage.
You climb upwards.
There is a stone staircase leading down here.
The ogre attacks as it pursues you! The ogre hits you with a +0 giant club.
* * * LOW HITPOINT WARNING * * *
The ogre attacks as it pursues you! You block the ogre's attack.
You block the two-headed ogre's attack. The two-headed ogre closely misses you.
The ogre barely misses you.
The two-headed ogre hits you with a +0 giant spiked club!
* * * LOW HITPOINT WARNING * * *
You block the two-headed ogre's attack.
You slash the ogre! You freeze the ogre. You headbutt the ogre!
The ogre is severely wounded.
You hit the troll. You freeze the troll. You slash the two-headed ogre!
You freeze the two-headed ogre. You hit the two-headed ogre.
You freeze the two-headed ogre. The troll bites you but does no damage.
The troll closely misses you. You block the troll's attack.
You hit the ogre. You freeze the ogre.
The ogre is moderately wounded.
You barely miss the two-headed ogre. x2; You barely miss the troll.
You slash the ogre! You freeze the ogre.
You kill the ogre!
Okawaru accepts your kill. You block the two-headed ogre's attack.
The two-headed ogre hits you but does no damage.
The two-headed ogre misses you.
The two-headed ogre hits you with a +0 giant club!
You die...

###....^## #...# ##.##.#...#
##..# ##.........## #...#
##.#.........## ####..###
#.......#.....###.##....##
##.##........#.#...#.....#
####.#..#.......#.......###
##.#........^...........##.#
#...#.....)@O.......#..##...
#.........OOT......#####....
###........><........###.....
##.##........).........#...##.
#............#[)......#....###
##.....##....)).....[.....#.##
##.#........).)....).[.......
####........#..[#..)[.....#.
##........[[).........##.


You could see 2 two-headed ogres, a troll and an ogre.

Vanquished Creatures
  2 centaur warriors (D:8)
  A death yak (D:8)
  An orc high priest (Orc:1)
  3 two-headed ogres
  Pikel (D:4)
  An orc sorcerer (Orc:2)
  An efreet (D:8)
  2 wyverns
  A yak (D:8)
  A vampire (D:7)
  2 wargs
  2 steam dragons
  Menkaure (D:6)
  10 orc warriors
  3 ice beasts
  A swamp drake (D:9)
  A sky beast (D:7)
  9 ogres
  3 centaurs
  2 phantoms (D:5)
  7 bullfrogs
  A scorpion (D:7)
  A burial acolyte (D:7)
  5 wights (D:8)
  5 killer bees
  3 howler monkeys
  A jelly (D:5)
  4 bombardier beetles
  8 orc priests
  3 hounds
  5 iguanas
  A sleepcap (D:6)
  9 orc wizards
  6 adders
  2 gnolls
  A shadow imp (D:8)
  2 white imps (D:7)
  An adder zombie (D:7)
  6 ribbon worms
  2 dart slugs
  35 orcs
  5 bats
  7 endoplasms
  5 giant cockroaches
  6 goblins
  6 hobgoblins
  2 jackals (D:1)
  7 kobolds
  5 quokkas
  5 ball pythons
  6 frilled lizards
  A jackal zombie (D:7)
  2 rats (D:1)
213 creatures vanquished.

Notes
Turn   | Place    | Note
-------+----------+-------------------------------------------
     0 | D:1      | denf the Minotaur Fighter began the quest for the Orb.
     0 | D:1      | Reached XP level 1. HP: 19/19 MP: 0/0
   207 | D:1      | Reached XP level 2. HP: 27/27 MP: 1/1
   695 | D:2      | Reached XP level 3. HP: 23/33 MP: 2/2
  1006 | D:2      | Found Yleos's Weapon Shop.
  1432 | D:3      | Reached XP level 4. HP: 40/40 MP: 3/3
  1681 | D:3      | Found Etehaen's Magic Scroll Shop.
  1879 | D:4      | Reached XP level 5. HP: 47/47 MP: 4/4
  1902 | D:4      | Noticed a lemure
  1980 | D:4      | Reached skill level 5 in Shields
  2036 | D:4      | Reached skill level 5 in Fighting
  2036 | D:4      | Reached skill level 5 in Armour
  2130 | D:4      | Found Liecy's Antique Armour Emporium.
  2158 | D:4      | Bought a glowing cloak for 165 gold pieces
  2353 | D:4      | Reached XP level 6. HP: 53/56 MP: 5/5
  2385 | D:4      | Found a sparkling altar of Nemelex Xobeh.
  2584 | D:4      | Noticed Pikel
  2603 | D:4      | Killed Pikel
  2604 | D:4      | Reached skill level 5 in Axes
  2604 | D:4      | Reached XP level 7. HP: 36/63 MP: 6/6
  2646 | D:4      | Found a staircase to the Ecumenical Temple.
  2687 | Temple   | Entered the Ecumenical Temple
  2703 | Temple   | Became a worshipper of Warmaster Okawaru
  2736 | D:5      | Entered Level 5 of the Dungeon
  2937 | D:5      | Reached XP level 8. HP: 42/71 MP: 7/7
  3101 | D:5      | Reached * piety under Okawaru
  3315 | D:5      | Found a bloodstained altar of Trog.
  3345 | D:5      | Found an opulent altar of Gozag.
  3581 | D:6      | Found a glowing silver altar of Zin.
  3653 | D:6      | Noticed Menkaure
  3660 | D:6      | Killed Menkaure
  4569 | D:7      | Identified the +1 ring mail "Coama" {rElec}
  4621 | D:7      | Found a basalt altar of Yredelemnul.
  4714 | D:7      | Found a shimmering altar of Xom.
  4714 | D:7      | Found a shimmering altar of Xom.
  4714 | D:7      | Found a shimmering altar of Xom.
  4715 | D:7      | Found a shimmering altar of Xom.
  4716 | D:7      | Found a shimmering altar of Xom.
  4716 | D:7      | Found a shimmering altar of Xom.
  4726 | D:7      | Reached ** piety under Okawaru
  4727 | D:7      | Reached XP level 9. HP: 64/81 MP: 8/8
  4820 | D:7      | Found an ancient bone altar of Kikubaaqudgha.
  5201 | D:7      | Found a shimmering altar of Xom.
  5466 | D:8      | Found a blossoming altar of Fedhas.
  5468 | D:8      | Found a white marble altar of Elyvilon.
  5825 | D:8      | Reached *** piety under Okawaru
  5825 | D:8      | Noticed a centaur warrior
  5826 | D:8      | Noticed a centaur warrior
  5835 | D:8      | Killed a centaur warrior
  5837 | D:8      | Noticed an efreet
  5838 | D:8      | Killed a centaur warrior
  5838 | D:8      | Reached **** piety under Okawaru
  5839 | D:8      | Reached XP level 10. HP: 91/91 MP: 9/9
  5857 | D:8      | Reached ***** piety under Okawaru
  5861 | D:8      | Reached skill level 10 in Shields
  5871 | D:8      | Reached skill level 10 in Fighting
  5871 | D:8      | Reached skill level 10 in Armour
  5874 | D:8      | Noticed a two-headed ogre
  5881 | D:8      | Killed a two-headed ogre
  5977 | D:8      | Found a staircase to the Lair.
  5982 | Lair:1   | Entered Level 1 of the Lair of Beasts
  5982 | Lair:1   | Noticed a death yak
  5982 | Lair:1   | Noticed a death yak
  5982 | Lair:1   | Noticed a death yak
  5982 | Lair:1   | Noticed a death yak
  5982 | Lair:1   | Noticed a death yak
  5982 | Lair:1   | Noticed a death yak
  5994 | D:8      | Killed a death yak
  5994 | D:8      | Received a gift from Okawaru
  5995 | D:8      | Reached skill level 10 in Axes
  6341 | D:9      | Found a staircase to the Orcish Mines.
  6424 | Orc:1    | Entered Level 1 of the Orcish Mines
  6437 | Orc:1    | Reached XP level 11. HP: 71/101 MP: 10/10
  6731 | Orc:1    | Noticed an orc high priest
  6741 | Orc:1    | Killed an orc high priest
  6900 | Orc:2    | Entered Level 2 of the Orcish Mines
  6900 | Orc:2    | Noticed an orc sorcerer
  6904 | Orc:2    | Killed an orc sorcerer
  6904 | Orc:2    | Received a gift from Okawaru
  6923 | Orc:2    | Noticed a two-headed ogre
  6929 | Orc:2    | Noticed a two-headed ogre
  6933 | Orc:2    | Killed a two-headed ogre
  6939 | Orc:2    | Noticed a two-headed ogre
  6940 | Orc:2    | Killed a two-headed ogre
  6942 | Orc:2    | Noticed a two-headed ogre
  6952 | Orc:2    | Found a staircase to the Elven Halls.
  7079 | Orc:2    | Noticed a two-headed ogre
  7085 | Orc:1    | Slain by a two-headed ogre

Illustrated notes

Levels and vault maps discovered:
D:1:      lordsloth_arrival_two_stooges, layout_loops_cross
D:2:      layout_basic, serial_shops, nicolae_shop_bloodbath_and_beyond,
          nicolae_wormholes
D:3:      layout_rooms, serial_shops, shop, minmay_quantized
D:4:      layout_loops_corners, mainiacjoe_overflow_small_starburst,
          temple_statues, serial_shops, nicolae_shop_peninsula,
          grunt_tough_drop, uniq_pikel
D:5:      layout_loops_ring, mainiacjoe_overflow_swirl
D:6:      layout_loops_corners, mainiacjoe_overflow_boulevard, serial_rivers,
          chequers_serial_rivers_room_a, chequers_serial_rivers_small_a,
          chequers_serial_rivers_micro_b, chequers_serial_rivers_micro_d,
          chequers_serial_rivers_small_3, chequers_serial_rivers_micro_a,
          uniq_menkaure
D:7:      layout_basic, xom_shifter_show, lemuel_tele_altar,
          lemuel_zombie_altar_kikubaaqudgha, minmay_misc_feat_ornament,
          hangedman_decor_clover_reticule, minivault_26
D:8:      layout_loops_ring, nicolae_overflow_hidden_temple, lair_entry_dummy,
          minmay_pinched_square
D:9:      layout_roguey, erik_orc_1
Temple:   nicolae_temple_x_marks_the_god
Lair:1:   layout_small_grid, gammafunk_ghost_grave, enter_volcano_4,
          uniq_jeremiah
Orc:1:    layout_caves
Orc:2:    st_orc_ogre_mass, layout_caves, mines1_david

Skill      XL: |  1  2  3  4  5  6  7  8  9 10 11 |
---------------+----------------------------------+-----
Shields        | 4 5 6 8 9 10 11 | 11.5
Fighting       | 4 5 6 8 9 10 11 | 11.5
Axes           | 3 4 5 6 7 9 10 11 | 11.2
Armour         | 4 5 6 8 9 10 11 | 11.5

Action                     |  1- 3 |  4- 6 |  7- 9 | 10-12 || total
---------------------------+-------+-------+-------+-------++-------
  Melee: War axe           |    85 |    92 |   202 |   144 ||   523
         Headbutt          |     5 |    10 |    47 |    32 ||    94
    Use: Scroll            |     4 |     6 |     8 |       ||    18
 Armour: Scale mail        |    71 |       |       |       ||    71
         Chain mail        |     5 |     4 |       |       ||     9
         Plate armour      |       |    65 |   102 |    91 ||   258
  Dodge: Dodged            |    43 |    44 |    69 |    62 ||   218
  Block: Buckler           |    12 |    38 |    89 |   103 ||   242
         Reflection        |       |       |     5 |     2 ||     7
